 Dungeon Crawl Stone Soup version 0.23.2-1-ga50397a (webtiles) character file.

Game seed: 10967624085581782701

2 MalarOregon the Sneak (level 1, -1/13 HPs)
             Began as a Merfolk Enchanter on May 26, 2019.
             Slain by a leopard gecko (4 damage)
             ... on level 1 of the Dungeon.
             The game lasted 00:00:20 (56 turns).

MalarOregon the Sneak (Merfolk Enchanter)             Turns: 56, Time: 00:00:20

Health: -1/13      AC:  2    Str:  8    XL:     1   Next: 30%
Magic:  2/3        EV: 13    Int: 14    God:
Gold:   0          SH:  4    Dex: 14    Spells: 3/4 levels left

rFire    . . .     SeeInvis .   a - +1 dagger
rCold    . . .     Gourm    .   (no shield)
rNeg     . . .     Faith    .   b - +0 robe
rPois    .         Spirit   .   (no helmet)
rElec    .         Reflect  +   (no cloak)
rCorr    .         Harm     .   (no gloves)
MR       .....                  (no boots)
Stlth    ++........             c - +4 amulet of reflection
HPRegen  0.04/turn              (no ring)
MPRegen  0.08/turn              (no ring)

@: no status effects
A: change form in water, swift swim, stealthy swim
a: no special abilities


You were on level 1 of the Dungeon.
You were not hungry.

You visited 1 branch of the dungeon, and saw 1 of its levels.

Inventory:

Hand Weapons
 a - a +1 dagger (weapon)
Armour
 b - a +0 robe (worn)
Jewellery
 c - a +4 amulet of reflection (around neck)
   (You found it on level 1 of the Dungeon)
Potions
 d - a potion of agility {unknown}
Comestibles
 e - a ration {!d}


   Skills:
 + Level 1.3 Short Blades
 + Level 2.7 Dodging
 + Level 3.3 Stealth
 + Level 2.0 Spellcasting
 + Level 3.0 Hexes


You had 3 spell levels left.
You knew the following spells:

 Your Spells              Type           Power        Failure   Level  Hunger
a - Corona                Hex            #......      7%          1    ##.....

Your spell library contained the following spells:

 Spells                   Type           Power        Failure   Level  Hunger
 Ensorcelled Hibernation  Hex/Ice        #.....       19%         2    ###....
 Confuse                  Hex            #.......     21%         3    ####...
 Tukima's Dance           Hex            #.......     21%         3    ####...
 Dazzling Spray           Conj/Hex       #.....       36%         3    ####...


Dungeon Overview and Level Annotations

Branches:
Dungeon (1/15)

Altars:


Message History

e - a ration Welcome, MalarOregon the Merfolk Enchanter.
Will you prevail where others failed? Will you find the Orb of Zot?
Found a staircase leading out of the dungeon.
Found 21 stones.
You see here 21 stones.
Found a large zirconium amulet.
Found a hunting sling.
A goblin comes into view. It is wielding a +0 club.
A goblin is nearby!
The helpless goblin fails to defend itself.
You puncture the goblin!
You kill the goblin!
c - a large zirconium amulet Put on which piece of jewellery? (? for menu, Esc to quit)
c - a +4 amulet of reflection (around neck)
You see here a +0 club.
Found a robe.
Found a golden potion.
d - a golden potion A kobold comes into view.
A kobold is nearby!
A leopard gecko comes into view.
The kobold shouts!
The kobold closely misses you.
The leopard gecko hisses angrily.
You hit the kobold. The kobold barely misses you.
You hit the kobold. The kobold hits you. The leopard gecko misses you.
You barely miss the kobold. The leopard gecko bites you.
The kobold barely misses you.
You hit the kobold.
You kill the kobold!
The leopard gecko closely misses you.
You barely miss the leopard gecko. The leopard gecko barely misses you.
You miss the leopard gecko. The leopard gecko barely misses you.
Aim: a leopard gecko (clinging, chance to defeat MR: 62%)
The leopard gecko is outlined in light.
The leopard gecko bites you.
* * * LOW HITPOINT WARNING * * *
The leopard gecko barely misses you.
You hit the leopard gecko. The leopard gecko bites you.
You die...

### ... #.. .. #..
####.###### ..###.†##
#.........#
......l@###.........#
.##...#..##........[#
#.#.##.##.........#
...................
....#.###.......###
.. .#....#...#
.........###...# ..
...#..# #...## .
.......# ###).#


You could see a leopard gecko.

Vanquished Creatures
  A goblin (D:1)
  A kobold (D:1)
2 creatures vanquished.

Notes
Turn   | Place    | Note
-------+----------+-------------------------------------------
     0 | D:1      | MalarOregon the Merfolk Enchanter began the quest for the
                  | Orb.
     0 | D:1      | Reached XP level 1. HP: 13/13 MP: 3/3
    56 | D:1      | Slain by a leopard gecko

Action                   || total
-------------------------++-------
Melee: Dagger            ||     8
 Cast: Corona            ||     1
 Stab: Sleeping          ||     1
Dodge: Dodged            ||     8
